 Dungeon Crawl Stone Soup version 0.30-a0-55-g90e3122c3a (webtiles) character file.

Game seed: 1911141788158991203

1905 IdlyInterested the Carver (level 8, -15/60 HPs)
             Began as a Demonspawn Gladiator on Sept 9, 2022.
             Was a Follower of Ashenzari.
             Hit by a large rock thrown by a cyclops (24 damage)
             ... on level 7 of the Dungeon.
             The game lasted 00:22:24 (6347 turns).

IdlyInterested the Carver (Demonspawn Gladiator)    Turns: 6347, Time: 00:22:25

Health: -15/60     AC: 11    Str: 15    XL:     8   Next: 94%
Magic:  18/18      EV:  9    Int:  9    God:    Ashenzari [*.....]
Gold:   294        SH:  0    Dex: 17    Spells: 9/9 levels left

rFire   . . .      SeeInvis .    a - +0 long sword
rCold   . . .      Faith    .    q - orb of Curses and Power {light, Evo, Melee} (curse)
rNeg    . . .      Spirit   .    I - +0 chain mail "Share My Oracle" {Evo, Cun} (curse)
rPois   .          Reflect  .    (helmet restricted)
rElec   .          Harm     .    (no cloak)
rCorr   .          Rampage  .    (no gloves)
Will    .....                    f - +1 pair of boots
Stlth   ..........               m - amulet of the acrobat
HPRegen 0.20/turn                l - ring of magical power
MPRegen 0.16/turn                (no ring)

@: glowing
A: horns 1, ignite blood 1, spiny 1
a: Renounce Religion, Curse Item, Shatter the Chains


You were on level 7 of the Dungeon.
You worshipped Ashenzari.
Ashenzari was aware of your devotion.
You visited 2 branches of the dungeon, and saw 8 of its levels.
You also visited: Sewer.

You collected 294 gold pieces.

Inventory:

Hand Weapons
 a - a +0 long sword (weapon)
 j - a +0 rapier of speed
 p - a +2 dagger of venom
 E - a +1 hand axe of flaming
 F - a +0 falchion
Missiles
 d - 3 throwing nets
 e - a javelin
 B - 2 boomerangs
 C - 12 poisoned darts (quivered)
Armour
 f - a +1 pair of boots (worn)
 o - a +0 buckler
 q - the cursed orb of Curses and Power (worn) {light, Evo, Melee}
   (You took it off a kobold on level 2 of the Dungeon)

   It has a curse which improves the following skills: Evocations: Evocations.
   Melee Combat: Short Blades, Long Blades, Axes, Maces & Flails, Polearms,
   Staves and Unarmed Combat.
 y - a +3 leather armour
 I - the cursed +0 chain mail "Share My Oracle" (worn) {Evo, Cun}
   (You found it on level 4 of the Dungeon)

   It has a curse which improves the following skills: Evocations: Evocations.
   Cunning:   Dodging and Stealth.
Jewellery
 l - a ring of magical power (left hand)
 m - an amulet of the acrobat (around neck)
Wands
 b - a wand of iceblast (24)
 c - a wand of paralysis (6)
 r - a wand of flame (21)
Scrolls
 g - 3 scrolls of teleportation
 i - a scroll of fear
 k - a scroll of immolation
 u - a scroll of silence
 x - a scroll of summoning
 z - a scroll of fog
 M - a scroll of magic mapping
 N - a scroll of blinking
Potions
 h - 3 potions of curing
 n - 2 potions of heal wounds
 s - a potion of cancellation
 t - a potion of brilliance
 v - a potion of mutation
 K - 2 potions of ambrosia
 O - 2 potions of might
 P - 2 potions of berserk rage


   Skills:
 - Level 4.0 Fighting
 * Level 8.3(9.1) Long Blades
 - Level 1.7 Throwing
 - Level 4.0 Armour
 + Level 5.0(5.8) Dodging
 + Level 1.0(1.5) Stealth
 - Level 1.0 Spellcasting
 - Level 1.0 Invocations
 - Level 1.1(2.0) Evocations


You had 9 spell levels left.
You didn't know any spells.
Your spell library contained the following spells:

 Spells                   Type           Power      Damage    Failure   Level
 Apportation              Tloc           0%         N/A       100%        1
 Beastly Appendage        Tmut           0%         N/A       100%        1
 Necrotise                Necr           0%         1d4       100%        1
 Slow                     Hex            0%         N/A       100%        1
 Summon Small Mammal      Summ           0%         N/A       100%        1
 Static Discharge         Conj/Air       0%         3-3/arc   100%        2
 Wereblood                Tmut           0%         N/A       100%        2
 Confusing Touch          Hex            0%         N/A       100%        3
 Spider Form              Tmut/Pois      0%         N/A       100%        3
 Vampiric Draining        Necr           0%         2d6       100%        3
 Lightning Bolt           Conj/Air       0%         1d11      100%        5
 Maxwell's Capacitive Co  Air            0%         ∞         100%        8


Dungeon Overview and Level Annotations

Branches:
Dungeon (7/15)             Temple (1/1) D:5           Sewer (visited)

Altars:
Ashenzari
Dithmenos
Fedhas
Gozag
Hepliaklqana
Kikubaaqudgha
Makhleb
Nemelex Xobeh
Okawaru
Qazlal
Sif Muna
Trog
Uskayaw
Vehumet
Wu Jian
Xom

Shops:
D:3 (


Innate Abilities, Weirdness & Mutations

You have a pair of small horns on your head.
Your demonic aura sometimes causes spilled blood to erupt in flames.
You are partially covered in sharp spines.


Message History

You hit the gargoyle but do no damage.
The gargoyle is lightly damaged.
The gargoyle hits you with a +0 flail!
You hit the gargoyle but do no damage.
The gargoyle is lightly damaged.
The gargoyle barely misses you.
You hit the gargoyle.
You headbutt the gargoyle, but do no damage.
The gargoyle is moderately damaged.
The orc hits you but does no damage. The gargoyle barely misses you.
You hit the gargoyle but do no damage.
The gargoyle is moderately damaged.
The gargoyle hurls a stone arrow at you.
The stone arrow hits you! The orc misses you.
You hit the gargoyle but do no damage.
You headbutt the gargoyle, but do no damage.
The gargoyle is moderately damaged.
The gargoyle hurls a stone arrow at you.
The stone arrow hits you!
You hit the gargoyle but do no damage.
The gargoyle is moderately damaged.
The gargoyle barely misses you.
You hit the gargoyle but do no damage.
You headbutt the gargoyle, but do no damage.
The gargoyle is moderately damaged.
The gargoyle closely misses you.
You hit the gargoyle but do no damage. Your headbutt misses the gargoyle.
The gargoyle is moderately damaged.
The orc is struck by your spines.
You kill the orc!
The gargoyle hits you with a +0 flail.
You hit the gargoyle.
The gargoyle is heavily damaged.
The orc is struck by your spines.
You kill the orc!
The orc is struck by your spines. The orc closely misses you.
The gargoyle hits you with a +0 flail!
* * * LOW HITPOINT WARNING * * *
The cyclops throws a large rock.
The large rock hits you!!
You die...

###.####..
...8.$...####
###.####....#
#.#.#.###...#
.##.##.###..#
###.###.....#
.##...##9..#.#
.#. #..#@.##.#
....#C.)o...!#
...........###
.......[....#
............#
........<...#
...............#
............####
..........^.#


You could see a cyclops, a gargoyle and an orc.

Vanquished Creatures
  Grinder (D:3)
  Eustachio (D:5)
  A steam dragon (D:6)
  A water moccasin (D:5)
  Pargi (Sewer)
  2 ice beasts (D:6)
  A centaur (D:6)
  A phantom (D:5)
  A bullfrog (D:6)
  2 scorpions
  2 jellies
  4 hounds
  An orc priest (D:6)
  Ijyb (D:3)
  Natasha (thrice) (D:2)
  3 iguanas
  2 orc wizards
  Robin (D:4)
  3 gnolls (D:3)
  7 adders
  A shadow imp (D:6)
  2 white imps
  2 ufetubi
  2 worms (D:2)
  2 dart slugs
  26 orcs
  3 bats
  4 endoplasms
  2 giant cockroaches
  19 hobgoblins
  11 jackals
  12 kobolds
  4 quokkas
  4 ball pythons
  4 frilled lizards
  9 goblins
  2 rats (D:1)
  A spectral kobold (D:6)
149 creatures vanquished.

Vanquished Creatures (others)
  A plant (D:2)
1 creature vanquished.

Grand Total: 150 creatures vanquished

Notes
Turn   | Place    | Note
-------+----------+-------------------------------------------
     0 | D:1      | IdlyInterested the Demonspawn Gladiator began the quest for
                  | the Orb.
     0 | D:1      | Reached XP level 1. HP: 16/16 MP: 1/1
   537 | D:2      | Reached skill level 3 in Long Blades
   537 | D:2      | Gained mutation: You have a pair of small horns on your
                  | head. [demonic ancestry]
   537 | D:2      | Reached XP level 2. HP: 19/22 MP: 2/2
   963 | D:2      | Reached skill level 1 in Armour
   963 | D:2      | Gained mutation: You are partially covered in sharp spines.
                  | [demonic ancestry]
   963 | D:2      | Reached XP level 3. HP: 24/27 MP: 3/3
  1040 | D:2      | Found a faded altar of an unknown god.
  1726 | D:2      | Noticed Natasha
  1728 | D:2      | Killed Natasha
  1729 | D:2      | Reached XP level 4. HP: 33/33 MP: 4/4
  1919 | D:2      | Noticed Natasha
  1925 | D:2      | Killed Natasha
  1926 | D:2      | Reached skill level 4 in Long Blades
  2246 | D:2      | Noticed Natasha
  2256 | D:2      | Killed Natasha
  2257 | D:2      | Reached XP level 5. HP: 20/38 MP: 5/5
  2547 | D:3      | Found Husiar Zydgha's Weapon Emporium.
  2562 | D:3      | Reached skill level 1 in Stealth
  2671 | D:3      | Noticed Ijyb
  2679 | D:3      | Paralysed by Ijyb for 3 turns
  2689 | D:3      | Killed Ijyb
  2698 | D:3      | Found a glowing drain.
  2707 | Sewer    | Entered a sewer
  2878 | Sewer    | Noticed Pargi
  2884 | Sewer    | Killed Pargi
  2885 | Sewer    | Reached skill level 5 in Long Blades
  2885 | Sewer    | Reached skill level 1 in Evocations
  2885 | Sewer    | Reached XP level 6. HP: 38/44 MP: 6/6
  3080 | D:3      | Found a broken altar of Ashenzari.
  3082 | D:3      | Noticed Grinder
  3105 | D:3      | Killed Grinder
  3106 | D:3      | Reached skill level 1 in Invocations
  3106 | D:3      | Gained mutation: Your demonic aura sometimes causes spilled
                  | blood to erupt in flames. [demonic ancestry]
  3106 | D:3      | Reached XP level 7. HP: 51/51 MP: 7/7
  3116 | D:3      | Found an ornate altar of the Wu Jian Council.
  3116 | D:3      | Found a bloodstained altar of Trog.
  3146 | D:3      | Became a worshipper of Ashenzari the Shackled
  3344 | D:4      | Reached skill level 6 in Long Blades
  3370 | D:4      | Noticed Robin
  3384 | D:4      | Killed Robin
  3802 | D:5      | Entered Level 5 of the Dungeon
  3870 | D:5      | Found a staircase to the Ecumenical Temple.
  3877 | Temple   | Entered the Ecumenical Temple
  4035 | D:5      | Reached skill level 1 in Spellcasting
  4495 | D:5      | Noticed Eustachio
  4520 | D:5      | Killed Eustachio
  4521 | D:5      | Reached skill level 7 in Long Blades
  4521 | D:5      | Reached XP level 8. HP: 27/60 MP: 9/9
  4745 | D:5      | Reached * piety under Ashenzari
  4782 | D:5      | Found a burning altar of Makhleb.
  5374 | D:6      | Found a hazy altar of Hepliaklqana.
  5417 | D:6      | Found a blossoming altar of Fedhas.
  5852 | D:6      | Reached skill level 8 in Long Blades
  5926 | D:6      | Reached skill level 5 in Dodging
  6333 | D:7      | Noticed a cyclops
  6333 | D:7      | Noticed a gargoyle
  6347 | D:7      | Hit by a large rock thrown by a cyclops

Illustrated notes

Levels and vault maps discovered:
D:1:      amcnicky_arrival_feature_with_door, layout_rooms
D:2:      minmay_kobold_bridge, layout_basic,
          ebering_ecumenical_altar_abandoned, grunt_ministairs_6,
          minmay_tree_intersection, serial_bayou_pond_d, uniq_natasha
D:3:      layout_rooms, grunt_temple_overflow_open, portal_sewer_entry_d,
          serial_shops, nicolae_shop_hallway_plus, hangedman_feature_mirror,
          minmay_misc_feat_room, uniq_grinder, uniq_ijyb
D:4:      layout_rooms, uniq_robin
D:5:      layout_loops_ring, lemuel_coloured_pillars_altar,
          minmay_temple_entry_junction, hangedman_decor_lopped,
          serial_bayou_ford_a, hangedman_abyss_or_decor_stabs, uniq_eustachio
D:6:      layout_gridville, nicolae_hepliaklqana_monster_ancestors,
          fedhas_altar_2, kennysheep_generic_room_16
D:7:      layout_rooms, nicolae_ru_the_path_less_chosen, enter_bailey_3,
          kb_rosetta
Temple:   hellmonk_temple_forest_ring

Skill      XL: |  1  2  3  4  5  6  7  8 |
---------------+-------------------------+-----
Long Blades    | 3 4 5 7 8 |  8.3
Dodging        | 3 4 5 |  5.0
Armour         | 1 2 4 |  4.0
Stealth        | 1 |  1.0
Evocations     | 1 |  1.1
Invocations    | 1 |  1.0
Fighting       | 4 |  4.0
Spellcasting   | 1 |  1.0
Throwing       | |  1.7

Action                   |  1- 3 |  4- 6 |  7- 9 || total
-------------------------+-------+-------+-------++-------
Melee: Long sword        |    80 |    80 |   175 ||   335
       Headbutt          |     7 |    19 |    43 ||    69
Invok: Curse Item        |       |       |     2 ||     2
  Use: Potion            |     1 |       |       ||     1
       Scroll            |       |       |     1 ||     1
Armor: Ring mail         |    19 |    23 |       ||    42
       Leather armour    |     6 |       |       ||     6
       Troll leather arm |       |     4 |    13 ||    17
       Chain mail        |       |       |    57 ||    57
Dodge: Dodged            |    61 |    66 |   109 ||   236

Table legend: (Time is in decaauts)
 A = Elapsed time spent in this place.
 B = Non-inter-level travel time spent in this place.
 C = Inter-level travel time spent in this place.
 D = Time resting spent in this place.
 E = Time spent auto-exploring this place.
 F = Levels seen in this place.
 G = Mean time per level.
                   A        B        C        D        E       F      G
               +--------+--------+--------+--------+--------+-----+--------+
         Total |   6421 |   5340 |   1081 |   1196 |   2734 |   9 |  713.4 |
       Dungeon |   5970 |   4902 |   1068 |   1037 |   2661 |   7 |  852.9 |
        Temple |    144 |    131 |     13 |      0 |     73 |   1 |  144.0 |
         Sewer |    306 |    306 |      0 |    159 |      0 |   1 |  306.0 |
               +--------+--------+--------+--------+--------+-----+--------+

Top non-repeatable levels by time:
     D:2: 2007 daAuts
     D:5: 1346 daAuts
     D:6: 1014 daAuts
     D:3: 634 daAuts
     D:1: 529 daAuts
     D:4: 421 daAuts
   Sewer: 306 daAuts
  Temple: 144 daAuts
     D:7: 17 daAuts
